 Dungeon Crawl Stone Soup version 0.22.1-1-ga44c0e5 (webtiles) character file.

8257 lysyklops the Fighter (level 11, -3/104 HPs)
             Began as a Minotaur Fighter on Oct 4, 2018.
             Was a Priest of the Shining One.
             Slain by Erolcha
             ... wielding a +0 giant club
              (9 damage)
             ... on level 10 of the Dungeon.
             The game lasted 00:18:39 (9329 turns).

lysyklops the Fighter (Minotaur Fighter)            Turns: 9329, Time: 00:18:39

Health: -3/104     AC: 15    Str: 24    XL:     11   Next: 7%
Magic:  9/11       EV:  8    Int:  5    God:    the Shining One [***...]
Gold:   997        SH:  6    Dex: 10    Spells: 10/10 levels left

rFire    . . .     SeeInvis .   a - +0 war axe
rCold    . . .     Gourm    .   (no shield)
rNeg     + . .     Faith    .   i - +0 storm dragon scales
rPois    .         Spirit   .   (helmet restricted)
rElec    +         Reflect  .   (no cloak)
rCorr    .         Harm     .   (no gloves)
MR       .....                  (no boots)
Stlth    ..........             (no amulet)
HPRegen  0.27/turn              (no ring)
MPRegen  0.12/turn              (no ring)

@: divine shield, glowing, drained
A: retaliatory headbutt, horns 2
a: Divine Shield, Renounce Religion


You were on level 10 of the Dungeon.
You worshipped the Shining One.
The Shining One was most pleased with you.
You were very hungry.

You visited 2 branches of the dungeon, and saw 11 of its levels.
You also visited: Ossuary.

You collected 997 gold pieces.

Inventory:

Hand Weapons
 a - a +0 war axe (weapon)
Armour
 c - a +0 shield
 i - +0 storm dragon scales (worn)
Jewellery
 h - a cursed amulet of inaccuracy {unknown}
 z - an uncursed amulet of faith {unknown}
 A - a +5 ring of evasion {unknown}
 D - an uncursed ring of ice {unknown}
 G - an uncursed amulet of magic regeneration {unknown}
Wands
 s - a wand of random effects (54)
 x - a wand of clouds (9)
 B - a wand of acid (15)
 F - a wand of paralysis (15)
 J - a wand of digging (12)
Scrolls
 b - 3 scrolls of magic mapping {unknown}
 g - a scroll of blinking {unknown}
 j - 3 scrolls of immolation {unknown}
 k - 6 scrolls of random uselessness
 l - 8 scrolls of remove curse {unknown}
 m - 2 scrolls of fear {unknown}
 n - 9 scrolls of identify {unknown}
 p - 4 scrolls of fog {unknown}
 q - a scroll of noise {unknown}
 v - 3 scrolls of enchant weapon {unknown}
 y - 3 scrolls of teleportation {unknown}
 E - a scroll of amnesia {unknown}
 L - a scroll of summoning
Potions
 d - 3 potions of might
 e - 5 potions of brilliance {unknown}
 o - 2 potions of heal wounds {unknown}
 r - a potion of resistance {unknown}
 t - 5 potions of curing {unknown}
 u - a potion of invisibility {unknown}
 w - 2 potions of mutation {unknown}
 C - 2 potions of degeneration {unknown}
 H - a potion of flight {unknown}
 I - a potion of lignification {unknown}
Comestibles
 f - 19 rations


   Skills:
 + Level 12.0(11.9) Fighting
 + Level 11.8(11.7) Axes
 + Level 12.0(11.9) Armour
 - Level 3.9(3.8) Shields
 + Level 1.5(1.4) Invocations


You had 10 spell levels left.
You didn't know any spells.
Your spell library contained the following spells:

 Spells                   Type           Power        Failure   Level  Hunger
 Beastly Appendage        Tmut           #.....       95%         1    ##.....
 Sticks to Snakes         Tmut           #.......     98%         2    ###....
 Spider Form              Tmut/Pois      #.........   100%        3    ####...
 Ice Form                 Ice/Tmut       #.......     100%        4    #####..
 Blade Hands              Tmut           #.........   100%        5    ######.


Dungeon Overview and Level Annotations

Branches:
Dungeon (10/15)            Temple (1/1) D:5            Lair (0/6) D:8
    Orc: D:9-12

Altars:
Ashenzari
Cheibriados
Dithmenos
Elyvilon
Fedhas
Gozag
Hepliaklqana
Kikubaaqudgha
Makhleb
Nemelex Xobeh
Okawaru
Qazlal
Ru
Sif Muna
Trog
Uskayaw
Vehumet
Wu Jian
Xom
Yredelemnul
Zin
The Shining One

Shops:
D:4 }

Annotations:
D:10 Erolcha


Innate Abilities, Weirdness & Mutations

You reflexively headbutt those who attack you in melee.
You have a pair of horns on your head.


Message History

Erolcha is moderately wounded.
Erolcha closely misses you.
You completely miss Erolcha.
Erolcha is moderately wounded.
Erolcha closely misses you. x2
You hit Erolcha.
Erolcha is heavily wounded.
Erolcha hits you with a giant club.
* * * LOW HITPOINT WARNING * * *
You hit Erolcha. You headbutt Erolcha.
Erolcha is heavily wounded.
Erolcha hits you with a giant club!
* * * LOW HITPOINT WARNING * * *
Erolcha hits you with a giant club!
* * * LOW HITPOINT WARNING * * *
You slash Erolcha!
Erolcha is severely wounded.
You feel yourself speed up. Erolcha barely misses you.
Erolcha hits you with a giant club!
You die...

#.......# #.....
#.......# #.....
#.......###### #.....
#............###.....
#.......####...'.....
#.......# #####.....
#.......# ##'###
#.......# #..#
#...@...# ##.##
###O####### #..#
#Y...OY.# ##.#
#######(# #######)#
.........##........
.........##........
.........#.........
.........#.........
.......O.#.........


You could see Erolcha and a sky beast.

Vanquished Creatures
  A two-headed ogre (D:8)
  Joseph (D:10)
  A hornet (D:9)
  Prince Ribbit (D:6)
  2 wyverns (D:9)
  A steam dragon (D:9)
  5 yaks
  A human (D:7)
  3 hogs (D:7)
  An acid dragon (D:9)
  An orc warrior (D:10)
  A sky beast (D:10)
  2 phantoms
  4 ice beasts
  7 ogres
  4 centaurs
  A crocodile (D:10)
  2 big kobolds (D:6)
  7 bullfrogs
  An elf zombie (Ossuary)
  2 gnoll sergeants
  3 scorpions
  7 killer bees (D:9)
  5 wights (D:10)
  9 crimson imps
  A centaur skeleton (D:8)
  5 hounds
  A human zombie (Ossuary)
  6 orc priests
  2 bullfrog skeletons
  A gnoll shaman (D:6)
  3 iguanas
  Ijyb (D:5)
  Natasha (twice) (D:2)
  6 worker ants
  Terence (D:3)
  9 orc wizards
  3 big kobold zombies (Ossuary)
  2 mummies (Ossuary)
  22 gnolls
  A river rat (D:3)
  13 adders
  2 shadow imps
  An ooze (D:1)
  5 worms
  2 dart slugs
  9 leopard geckos
  27 orcs
  4 ball pythons
  8 giant cockroaches
  7 goblins
  14 hobgoblins
  3 jackals (D:5)
  14 kobolds
  3 quokkas
  5 bats
  4 frilled lizards
  A goblin zombie (Ossuary)
  4 hobgoblin zombies (Ossuary)
  A jackal skeleton (D:3)
  4 orc zombies (Ossuary)
  A quokka skeleton (D:4)
  A quokka zombie (D:9)
  10 rats
  A plant (D:6)
283 creatures vanquished.

Notes
Turn   | Place    | Note
-------+----------+-------------------------------------------
     0 | D:1      | lysyklops the Minotaur Fighter began the quest for the Orb.
     0 | D:1      | Reached XP level 1. HP: 19/19 MP: 0/0
    76 | D:1      | Reached XP level 2. HP: 24/27 MP: 1/1
   365 | D:1      | Reached XP level 3. HP: 27/33 MP: 2/2
  1172 | D:2      | Reached XP level 4. HP: 30/41 MP: 3/3
  1180 | D:2      | Noticed Natasha
  1184 | D:2      | Killed Natasha
  1195 | D:2      | Noticed Natasha
  1198 | D:2      | Killed Natasha
  1380 | D:2      | Found an ornate altar of the Wu Jian Council.
  1434 | D:2      | Reached XP level 5. HP: 47/47 MP: 4/4
  1497 | D:3      | Reached skill level 5 in Fighting
  1502 | D:3      | Reached skill level 5 in Armour
  1914 | D:3      | Reached XP level 6. HP: 28/56 MP: 5/5
  2085 | D:3      | Noticed Terence
  2091 | D:3      | Killed Terence
  2174 | D:3      | Found a shimmering altar of Xom.
  2403 | D:4      | Reached skill level 5 in Axes
  2624 | D:4      | Reached XP level 7. HP: 53/63 MP: 6/6
  2691 | D:4      | Found a deep blue altar of Sif Muna.
  2766 | D:4      | Found a radiant altar of Vehumet.
  2766 | D:4      | Found an opulent altar of Gozag.
  2924 | D:4      | Found Qutzi's Gadget Shoppe.
  3018 | D:4      | Found a basalt altar of Yredelemnul.
  3084 | D:5      | Entered Level 5 of the Dungeon
  3509 | D:5      | Noticed Ijyb
  3514 | D:5      | Killed Ijyb
  3514 | D:5      | Reached XP level 8. HP: 61/73 MP: 7/7
  4277 | D:5      | Found a staircase to the Ecumenical Temple.
  4283 | Temple   | Entered the Ecumenical Temple
  4358 | Temple   | Became a worshipper of the Shining One
  5224 | D:6      | Reached XP level 9. HP: 76/82 MP: 8/8
  5481 | D:6      | Noticed Prince Ribbit
  5486 | D:6      | Killed Prince Ribbit
  6256 | D:7      | Reached skill level 10 in Fighting
  6256 | D:7      | Reached skill level 10 in Armour
  6305 | D:7      | Reached * piety under the Shining One
  6362 | D:7      | Reached skill level 10 in Axes
  6405 | D:7      | Found a stormy altar of Qazlal.
  6532 | D:7      | Found a burning altar of Makhleb.
  6717 | D:7      | Found a deep blue altar of Sif Muna.
  6836 | D:8      | Found a blossoming altar of Fedhas.
  6853 | D:8      | Found a staircase to the Lair.
  6865 | D:8      | Reached XP level 10. HP: 94/94 MP: 9/9
  6901 | D:8      | Noticed a two-headed ogre
  6907 | D:8      | Killed a two-headed ogre
  7166 | D:8      | Found a glowing silver altar of Zin.
  7254 | D:8      | Found a sand-covered staircase.
  7267 | Ossuary  | Entered an ossuary
  7271 | Ossuary  | Reached ** piety under the Shining One
  7608 | D:8      | Found a hazy altar of Hepliaklqana.
  7609 | D:8      | Found an iron altar of Okawaru.
  7777 | D:9      | Reached *** piety under the Shining One
  8606 | D:10     | Entered Level 10 of the Dungeon
  8895 | D:10     | Noticed Joseph
  8910 | D:10     | Killed Joseph
  8910 | D:10     | Reached skill level 1 in Invocations
  8910 | D:10     | Reached XP level 11. HP: 100/104 MP: 10/10
  9312 | D:10     | Noticed Erolcha
  9329 | D:10     | Slain by Erolcha

Skill      XL: |  1  2  3  4  5  6  7  8  9 10 |
---------------+-------------------------------+-----
Armour         | 4 5 6 7 8 10 12 | 12.0
Fighting       | 4 5 6 7 8 10 12 | 12.0
Axes           | 3 4 5 6 8 10 11 | 11.8
Invocations    | 1 |  1.5
Shields        | |  3.9

Action                   |  1- 3 |  4- 6 |  7- 9 | 10-12 || total
-------------------------+-------+-------+-------+-------++-------
Melee: War axe           |    88 |   139 |   341 |   217 ||   785
       Headbutt          |     9 |    28 |    71 |    37 ||   145
Invok: Divine Shield     |       |       |       |     1 ||     1
  Use: Scroll            |       |       |     1 |       ||     1
  Eat: Chunk             |       |     5 |    10 |     5 ||    20
       Ration            |       |       |     1 |     1 ||     2
Armor: Scale mail        |     7 |       |       |       ||     7
       Plate armour      |    13 |       |       |       ||    13
       Storm dragon scal |    39 |    97 |   226 |    87 ||   449
Dodge: Dodged            |    16 |    51 |   134 |    86 ||   287
Block: Shield            |    25 |       |       |       ||    25
